 Dungeon Crawl Stone Soup version 0.23-a0-169-gb21e695 (webtiles) character file.

17 Inarius the Skirmisher (level 2, 24/24 HPs)
             Began as a Demonspawn Fighter on Sept 11, 2018.
             Got out of the dungeon alive.
             The game lasted 00:00:59 (520 turns).

Inarius the Skirmisher (Demonspawn Fighter)          Turns: 520, Time: 00:00:59

Health: 24/24      AC:  6    Str: 16    XL:     2   Next: 44%
Magic:  2/2        EV:  6    Int:  9    God:
Gold:   36         SH:  8    Dex: 12    Spells: 1/1 levels left

rFire    . . .     SeeInvis .   a - +0 war axe
rCold    . . .     Gourm    .   c - +0 shield
rNeg     . . .     Faith    .   b - +0 scale mail
rPois    .         Spirit   +   (no helmet)
rElec    .         Reflect  .   (no cloak)
rCorr    .         Harm     .   (no gloves)
MR       .....                  (no boots)
Stlth    ..........             (no amulet)
HPRegen  0.08/turn              (no ring)
MPRegen  0.08/turn              (no ring)

@: no status effects
A: magic shield
a: no special abilities


You escaped.
You were not hungry.

You visited 1 branch of the dungeon, and saw 1 of its levels.

You collected 36 gold pieces.

Inventory:

Hand Weapons
 a - a +0 war axe (weapon)
Armour
 b - a +0 scale mail (worn)
 c - a +0 shield (worn)
Jewellery
 j - an uncursed amulet of magic regeneration {unknown}
Scrolls
 k - a scroll of enchant armour {unknown}
Potions
 d - a potion of might
 e - 2 potions of mutation {unknown}
 h - a potion of curing {unknown}
 i - a potion of berserk rage {unknown}
Comestibles
 f - a ration
 g - a chunk of flesh


   Skills:
 + Level 3.1 Fighting
 + Level 2.0 Axes
 + Level 3.1 Armour
 + Level 2.8 Shields


You had one spell level left.
You didn't know any spells.
Your spell library was empty.

Dungeon Overview and Level Annotations

Branches:
Dungeon (1/15)

Altars:


Innate Abilities, Weirdness & Mutations

When hurt, damage is shared between your health and your magic reserves.


Message History

The kobold shouts!
A kobold is nearby!
A kobold is nearby!
Found 12 gold pieces.
You see here a scroll labeled GEUFUR AKEOSMO.
k - a scroll labeled GEUFUR AKEOSMO Really walk into that teleport trap?
You enter a teleport trap!
The teleport trap disappears.
Your surroundings suddenly seem different.
There is an open door here.
You see here 18 stones.
You see here 18 stones.
You see here 18 stones.
There is an open door here.
There is an open door here.
There is a staircase leading out of the dungeon here.
Are you sure you want to leave the Dungeon?
This will make you lose the game!
Alright, then stay!
Are you sure you want to leave the Dungeon?
This will make you lose the game!
You have escaped!

##.##...
#####.....#########
#........##.#.....##
#...##.#######.##
##.##.##.....##.##
#.#.##.#'###.#..#
#.#.#.##...##.#.#
#.#.#.#.###.#.#.#
######
#.'.#.#.'@#.#.#.#
#.....
#.#.#.#.###.#.#.#.
#.####
#.#(#.##.#.##.#.#. #.#
#.####.#.##.#####.##.#.
#.# #......##.##..#
##.##. #.#
######..##.#######.##..
#.#
##(.##.......##...###.#
##..######### #.....#
##......... ###.####


There were no monsters in sight!

Vanquished Creatures
  A gnoll (D:1)
  3 bats (D:1)
  A hobgoblin (D:1)
  A kobold (D:1)
  3 rats (D:1)
9 creatures vanquished.

Notes
Turn   | Place    | Note
-------+----------+-------------------------------------------
     0 | D:1      | Inarius the Demonspawn Fighter began the quest for the Orb.
     0 | D:1      | Reached XP level 1. HP: 18/18 MP: 1/1
   312 | D:1      | Gained mutation: When hurt, damage is shared between your
                  | health and your magic reserves. [demonic ancestry]
   312 | D:1      | Reached XP level 2. HP: 19/24 MP: 2/2
   520 | D:$      | Got out of the dungeon alive.

Vault maps used:
D:1:      evilmike_arrival_rings, minmay_tetromino_t4

Skill      XL: |  1 |
---------------+----+-----
Armour         | 3 |  3.1
Axes           | 2 |  2.0
Fighting       | |  3.1
Shields        | |  2.8

Action                   || total
-------------------------++-------
Melee: War axe           ||    31
Armor: Scale mail        ||    18
Dodge: Dodged            ||     8
Block: Shield            ||    15

Table legend:
 A = Non-vault XP
 B = Vault XP
 C = Vault XP percentage of total XP
 D = Non-vault monster count
 E = Vault monster count
 F = Vault count percentage of total count
                 A         B        C        D         E       F
            +---------+---------+-------+---------+---------+-------
      Total |      25 |       0 |   0.0 |       9 |       0 |   0.0
            +---------+---------+-------+---------+---------+-------
        D:1 |      25 |       0 |   0.0 |       9 |       0 |   0.0
            +---------+---------+-------+---------+---------+-------
